 Dungeon Crawl Stone Soup version 0.32-a0-640-gc5db3fc80f (webtiles) character file.

Game seed: 4736159684462491148

1560309 Dreamthief the Slayer (level 27, 213/213 HPs)
             Began as a Mummy Hunter on Mar 7, 2024.
             Was a Favourite Plaything of Xom.
             Escaped with the Orb
             ... and 3 runes!
             The game lasted 02:11:00 (84574 turns).

Dreamthief the Slayer (Mummy Hunter)               Turns: 84574, Time: 02:11:01

Health: 213/213    AC: 35    Str: 17    XL:     27
Magic:  35/35      EV: 42    Int:  7    God:    Xom [..*...]
Gold:   2068       SH: 24    Dex: 37    Spells: 33/42 levels left

rFire   + + .        a - +9 hand cannon (elec)
rCold   . . .        m - +5 Storm Queen's Shield {shock, Fly rElec}
rNeg    + + +        k - +6 fire dragon scales
rPois   ∞            q - +2 helmet of Hedging {Dex+4}
rElec   +            z - +4 dragonskin cloak
rCorr   .            o - +2 pair of gloves
SInv    .            K - +2 pair of boots "Liudd" {Will+}
Will    ++++.        V - amulet "Ylliaf" {Regen+ Dex+3}
Stlth   +            g - +5 ring of evasion
HPRegen 1.35/turn    D - ring of Hospitality {rF+ EV+5 Int-2 Dex+4}
MPRegen 0.24/turn

%: faith
@: flying, glowing, studying 2 skills, invisible (but backlit and visible)
A: reduced essence, cold resistance 1, negative energy resistance 3, torment
resistance 2, heat vulnerability 1, in touch with death 2, no potions, faith
0: Orb of Zot
}: 3/15 runes: serpentine, barnacled, slimy
a: Renounce Religion


You escaped.
You worshipped Xom.
You were a toy of Xom.
You visited 12 branches of the dungeon, and saw 55 of its levels.
You also visited: Ice Cave.

You collected 9283 gold pieces.
You spent 7215 gold pieces at shops.

Inventory:

Hand Weapons
 a - a +9 hand cannon of electrocution (weapon)
Armour
 h - +0 acid dragon scales
 k - +6 fire dragon scales (worn)
 m - the +5 Storm Queen's Shield (worn) {shock, Fly rElec}
   (You bought it in a shop on level 2 of the Orcish Mines)

   Shock:     When it blocks an attack, it may electrocute the attacker.
   This works even against foes who are a short distance away.
   rElec:     It insulates you from electricity.
   Fly:       It grants you flight.
 o - a +2 pair of gloves (worn)
 q - the +2 helmet of Hedging (worn) {Dex+4}
   (You bought it in a shop on level 4 of the Depths)

   Dex+4:     It affects your dexterity (+4).
 u - a +0 cloak
 y - a scarf of repulsion
 z - the +4 dragonskin cloak (worn)
   (You took it off Tiamat on level 4 of the Realm of Zot)

   Avatar's Aegis: It grants the wearer a chance to resist fire, cold, poison,
   electricity, acid, and negative energy.
 K - the +2 pair of boots "Liudd" (worn) {Will+}
   (You bought it in a shop on level 2 of the Orcish Mines)

   Will+:     It increases your willpower.
 S - a +3 leather armour of resistance
Jewellery
 b - a ring of resist corrosion
 f - the ring of Runainy {Fire Will+ Str+3 Dex+2}
   (You took it off Nergalle on level 10 of the Dungeon)

   [ring of fire]

   Fire:      It enhances your fire magic.
   Str+3:     It affects your strength (+3).
   Dex+2:     It affects your dexterity (+2).
   rF+:       It protects you from fire.
   rC-:       It makes you vulnerable to cold.
   Will+:     It increases your willpower.
 g - a +5 ring of evasion (left hand)
 s - the ring of Bynoeng {^Drain rElec rPois rF+ Stlth+}
   (You found it on level 5 of the Pits of Slime)

   [ring of poison resistance]

   rF+:       It protects you from fire.
   rElec:     It insulates you from electricity.
   rPois:     It protects you from poison.
   ^Drain:    It drains your maximum health when unequipped.
   Stlth+:    It makes you more stealthy.
 t - the ring "Nuonil" {rElec rC++ Will+ Int-3 Slay+2}
   (You found it on level 5 of the Pits of Slime)

   [ring of willpower]

   Int-3:     It affects your intelligence (-3).
   Slay+2:    It affects your accuracy & damage with ranged weapons and melee
   (+2).
   rC++:      It greatly protects you from cold.
   rElec:     It insulates you from electricity.
   Will+:     It increases your willpower.
 A - the amulet of the Four Winds {rN+ Will+++ Clar}
   (You found it on level 5 of the Pits of Slime)

   [amulet of nothing]

   rN+:       It protects you from negative energy.
   Will+++:   It greatly increases your willpower.
   Clar:      It protects you from confusion, rage, mesmerisation and fear.
 C - an amulet of the acrobat
 D - the ring of Hospitality (right hand) {rF+ EV+5 Int-2 Dex+4}
   (You bought it in a shop on level 2 of the Orcish Mines)

   [ring of evasion]

   EV+5:      It affects your evasion (+5).
   Int-2:     It affects your intelligence (-2).
   Dex+4:     It affects your dexterity (+4).
   rF+:       It protects you from fire.
 G - a ring of flight
 I - an amulet of guardian spirit
 R - a ring of protection from cold
 T - a +4 ring of slaying
 V - the amulet "Ylliaf" (around neck) {Regen+ Dex+3}
   (You took it off a deep elf demonologist on level 3 of the Elven Halls)

   [amulet of regeneration]

   Dex+3:     It affects your dexterity (+3).
   Regen+:    It increases your rate of health regeneration.
 W - a +5 ring of evasion
 X - a ring of ice
 Y - a +4 ring of protection
 Z - a ring of ice
Wands
 c - a wand of quicksilver (17)
 l - a wand of charming (39)
 p - a wand of warping (54)
 v - a wand of digging (13)
 w - a wand of mindburst (27)
 x - a wand of flame (93)
 O - a wand of polymorph (5)
Scrolls
 d - 5 scrolls of poison
 e - 41 scrolls of identify {@r1}
 i - 4 scrolls of immolation
 j - 5 scrolls of noise
 n - 10 scrolls of teleportation {@r3}
 B - 3 scrolls of brand weapon
 E - 2 scrolls of summoning {!r}
 H - 5 scrolls of vulnerability {!r}
 J - 4 scrolls of blinking {@r4}
 L - 6 scrolls of revelation {@r5}
 M - 9 scrolls of amnesia
 N - 3 scrolls of enchant weapon
 P - 4 scrolls of silence {!r}
 Q - 6 scrolls of fog {@r2}
Miscellaneous
 r - a box of beasts
 F - a phial of floods
 U - a phantom mirror


   Skills:
 + Level 23.9 Fighting
 - Level 20.0 Ranged Weapons
 + Level 13.5 Armour
 + Level 21.0 Dodging
 - Level 5.0 Stealth
 + Level 17.4 Shields
 - Level 8.0 Spellcasting
 - Level 8.0 Hexes
 - Level 8.0 Translocations
 - Level 6.0 Air Magic
 - Level 15.0 Invocations
 - Level 2.0 Evocations


You had 33 spell levels left.
You knew the following spells:

 Your Spells              Type           Power      Damage    Failure   Level
a - Dimensional Bullseye  Hex/Tloc       7%         N/A       34%         4
b - Blink                 Tloc           28%        N/A       5%          2
s - Swiftness             Air            11%        N/A       24%         3

Your spell library contained the following spells:

 Spells                   Type           Power      Damage    Failure   Level
 Apportation              Tloc           28%        N/A       3%          1
 Slow                     Hex            56%        N/A       3%          1
 Jinxbite                 Hex            28%        N/A       5%          2
 Lesser Beckoning         Tloc           28%        N/A       5%          2
 Confusing Touch          Hex            14%        N/A       11%         3
 Gell's Gravitas          Tloc           14%        N/A       11%         3
 Sigil of Binding         Hex            14%        N/A       11%         3
 Teleport Other           Tloc           14%        N/A       11%         3
 Tukima's Dance           Hex            14%        N/A       11%         3
 Shock                    Conj/Air       28%        1d4       26%         1
 Ensorcelled Hibernation  Hex/Ice        16%        N/A       26%         2
 Momentum Strike          Conj/Tloc      16%        3d8       26%         2
 Manifold Assault         Tloc           14%        N/A       34%         4
 Mercury Vapours          Alch/Air       14%        N/A       38%         2
 Vhi's Electric Charge    Tloc/Air       24%        N/A       45%         4
 Inner Flame              Hex/Fire       8%         N/A       47%         3
 Cigotuvi's Dreadful Rot  Necr/Alch/Air  24%        N/A       52%         2
 Airstrike                Air            5%         2d(1-17)  61%         4
 Foxfire                  Conj/Fire      8%         2x1d4     67%         1
 Freeze                   Ice            8%         1d3       67%         1
 Magic Dart               Conj           8%         1d3       67%         1
 Necrotise                Necr           24%        1d5       67%         1
 Sandblast                Erth           4%         2d4       67%         1
 Sting                    Conj/Alch      8%         1d3       67%         1
 Summon Small Mammal      Summ           8%         N/A       67%         1
 Mephitic Cloud           Conj/Alch/Air  5%         N/A       77%         3
 Searing Ray              Conj           4%         2d4       80%         2
 Iskenderun's Mystic Bla  Conj/Tloc      8%         2d4       87%         4
 Call Canine Familiar     Summ           2%         N/A       95%         3
 Frozen Ramparts          Ice            4%         1d1       95%         3
 Hailstorm                Conj/Ice       2%         3d5       95%         3
 Ozocubu's Armour         Ice            2%         N/A       95%         3
 Passwall                 Erth           2%         N/A       95%         3
 Stone Arrow              Conj/Erth      4%         3d7       95%         3
 Summon Ice Beast         Ice/Summ       2%         N/A       95%         3
 Vampiric Draining        Necr           6%         2d6       95%         3
 Summon Lightning Spire   Summ/Air       7%         N/A       95%         4
 Metabolic Englaciation   Hex/Ice        4%         N/A       99%         5
 Summon Mana Viper        Hex/Summ       8%         N/A       99%         5
 Dispersal                Tloc           7%         N/A       99%         6
 Animate Armour           Summ/Erth      4%         N/A       100%        4
 Animate Dead             Necr           6%         N/A       100%        4
 Brom's Barrelling Bould  Conj/Erth      2%         2d3       100%        4
 Flame Wave               Conj/Fire      2%         2d4       100%        4
 Fulminant Prism          Conj/Alch      1%         3d5       100%        4
 Leda's Liquefaction      Alch/Erth      1%         N/A       100%        4
 Martyr's Knell           Necr/Summ      6%         N/A       100%        4
 Olgreb's Toxic Radiance  Alch           2%         N/A       100%        4
 Petrify                  Alch/Erth      2%         N/A       100%        4
 Sticky Flame             Fire/Alch      2%         2d4       100%        4
 Summon Blazeheart Golem  Fire/Summ      2%         N/A       100%        4
 Alistair's Intoxication  Alch           1%         N/A       100%        5
 Arcjolt                  Conj/Air       3%         1d13      100%        5
 Borgnjor's Vile Clutch   Necr/Erth      3%         N/A       100%        5
 Curse of Agony           Necr           6%         N/A       100%        5
 Fireball                 Conj/Fire      1%         3d3       100%        5
 Freezing Cloud           Conj/Ice/Air   2%         6-21      100%        5
 Irradiate                Conj/Alch      1%         3d12      100%        5
 Iskenderun's Battlesphe  Conj           2%         2d6       100%        5
 Lee's Rapid Deconstruct  Erth           1%         3d4*      100%        5
 Conjure Ball Lightning   Conj/Air       3%         3x3d6     100%        6
 Death Channel            Necr           3%         N/A       100%        6
 Plasma Beam              Fire/Air       3%         2x1d13    100%        6
 Sculpt Simulacrum        Ice/Alch       1%         N/A       100%        6
 Starburst                Conj/Fire      1%         6d3       100%        6
 Monstrous Menagerie      Summ           1%         N/A       100%        7
 Orb of Destruction       Conj           1%         9d5       100%        7
 Ozocubu's Refrigeration  Ice            1%         4d7       100%        7
 Spellforged Servitor     Conj/Summ      1%         N/A       100%        7
 Discord                  Hex            7%         N/A       100%        8
 Disjunction              Tloc           7%         N/A       100%        8
 Infestation              Necr           3%         N/A       100%        8
 Maxwell's Capacitive Co  Air            5%         ∞         100%        8
 Chain Lightning          Conj/Air       3%         3d4       100%        9
 Fire Storm               Conj/Fire      1%         7d1       100%        9
 Polar Vortex             Ice            1%         N/A       100%        9
 Shatter                  Erth           1%         3d5*      100%        9
 Sublimation of Blood     Necr           Unusable   N/A       N/A         2

Dungeon Overview and Level Annotations

Branches:
Dungeon (15/15)            Temple (1/1) D:7            Lair (5/5) D:9
 Shoals (4/4) Lair:2        Snake (4/4) Lair:2        Slime (5/5) Lair:4
    Orc (2/2) D:11            Elf (3/3) Orc:2        Vaults (4/5) D:14
  Crypt (3/3) Vaults:3       Tomb (0/3) Crypt:3      Depths (4/4) D:15
    Zot (5/5) Depths:4      IceCv (visited)

Altars:
Ashenzari
Cheibriados
Dithmenos
Fedhas
Gozag
Hepliaklqana
Kikubaaqudgha
Makhleb
Nemelex Xobeh
Okawaru
Qazlal
Ru
Sif Muna
Trog
Uskayaw
Vehumet
Wu Jian
Xom
Yredelemnul
Beogh
Jiyva

Shops:
D:2 *   D:3 !   D:11 ??*   Orc:2 :=?[   Elf:1 :   Elf:2 [(:   Shoals:2 ![
Snake:1 *   Snake:2 ?:   Vaults:2 (   Vaults:3 [   Depths:1 (   Depths:4 *=

Portals:
Hell: Depths:1 Depths:2 Depths:3 Depths:4
Abyss: Depths:3 Depths:4
Pandemonium: Depths:2 Depths:4
Ziggurat: Depths:1
Trove: Depths:4 (show abyssal rune of Zot)

Annotations:
Depths:3 1 runed translucent door


Innate Abilities, Weirdness & Mutations

Your life essence is reduced to manifest your ancestor. (-10% HP)
You are immune to poison.
Your flesh is cold resistant. (rC+)
You are immune to negative energy. (rN+++)
You are immune to unholy pain and torment.
You are vulnerable to heat. (rF-)
You are strongly in touch with the powers of death.
You do not drink.
You have a special connection with the divine. (Faith)


Message History

There is a stone staircase leading up here.
Unknown command.
Unknown command.
Unknown command.
Unknown command.
Unknown command.
Unknown command.
Unknown command.
Unknown command.
Unknown command.
Unknown command.
The Tzitzimitl roars!
Xom grants you a minor favour.
You fade into invisibility!
You fly upwards.
There is a stone staircase leading down here.
There is a stone staircase leading up here.
You fly upwards.
There is a stone staircase leading down here.
Aiming: Dig
Press: ? - help, Q - select action, (/) - cycle Shift-Dir - straight line You can't see that place. [some shallow water.]
The rock shatters into small pieces.
Xom's power almost touches on you for a moment.
Something invisible splashes into the water beneath you!
A cherub comes into view. It is wielding a +0 flail of flaming.
The cherub's ox head lows!
Aiming: Dig
Press: ? - help, Q - select action, (/) - cycle Shift-Dir - straight line You can't see that place. [a rock wall.]
The rock shatters into small pieces.
The cherub unwields a +0 flail of flaming.
It stops flaming.
The cherub wields a +0 shortbow.
The cherub shoots an arrow.
The arrow misses you.
A blizzard demon comes into view.
There is a staircase leading out of the dungeon here.
The cherub shoots an arrow.
You block the arrow.
You have escaped!

#.#.# ########.# #.# #.#.#
#........# #†# #.#.#
######.######.# #.# #
#.#.###~~~~#'#2~~~### #.# #
#.#.##~~~~~#.#~○~~~# #.#
#####.#.##~~#§°#.#○~#~~# #.#
......#☼##~~○§○#.#~○°°~# #.#
######>..#~☼☼°○#°#☼~°~○# #.#
......#..☼○☼○☼○○@○°°°°☼######.#
...#.#.###○~§°☼#☼#°~☼~~#......#
##.#.#.# #☼☼#A○#.#~☼#○○########
#.#.#.# #☼☼~°~#.#~~°☼~# #.#.#.#
#○○☼°÷#.#~~~§~#
##.#.#.####○~~~#+#~~~~##
.....#..########.######
##.#.#...........#
#.#.#.###########


You could see a cherub and a blizzard demon.

Vanquished Creatures
  the Royal Jelly (Slime:5)
  2 ancient liches (Zot:5)
  4 orbs of fire
  Tiamat (Zot:4)
  Mara (Vaults:2)
  A dread lich (Zot:5)
  2 juggernauts (Depths:3)
  A pandemonium lord (D:6)
  4 Killer Klowns (Zot:5)
  3 curse toes
  Saint Roka (Depths:1)
  Bai Suzhen (Depths:1)
  5 golden dragons
  Norris (Vaults:3)
  A profane servitor (Zot:4)
  2 electric golems
  Rupert (D:15)
  2 bone dragons
  8 tentacled monstrosities
  A deep elf blademaster (Elf:3)
  18 Orb Guardians
  A lich (Depths:4)
  2 titans
  5 quicksilver dragons
  A walking earthen tome (Depths:3)
  A deep elf master archer (Elf:3)
  22 acid blobs
  A sphinx (Depths:4)
  11 death cobs
  Gastronok (Lair:2)
  A tengu reaver (Depths:1)
  An ancient champion (Crypt:3)
  Frances (D:14)
  8 shadow dragons
  Agnes (D:15)
  3 storm dragons
  4 draconian knights
  3 protean progenitors (Zot:2)
  Aizul (Snake:1)
  Roxanne (Snake:1)
  10 rockslimes
  7 draconian monks
  6 fire giants
  A daeva (Vaults:3)
  A revenant (Crypt:3)
  2 nagarajas
  6 frost giants
  4 draconian shifters
  4 azure jellies
  2 balrugs
  13 vault wardens
  2 deep elf sorcerers (Elf:3)
  7 draconian scorchers
  A juggernaut zombie (Depths:2)
  4 ghost moths
  An angel (Vaults:3)
  4 draconian stormcallers
  A caustic shrike zombie (Depths:2)
  3 spriggan defenders
  A curse skull (Crypt:1)
  8 draconian annihilators
  Louise (Elf:2)
  2 reapers (IceCv)
  A ghoul (Crypt:3)
  9 quicksilver oozes
  4 stone giants
  A caustic shrike skeleton (Depths:2)
  10 ironbound preservers
  4 ironbound thunderhulks
  A lorocyproca (D:6)
  8 formless jellyfish
  5 deep elf demonologists
  8 very ugly things
  12 red draconians
  4 vampire knights
  5 dire elephants (Vaults:1)
  9 green draconians
  4 deep elf annihilators (Elf:3)
  5 yellow draconians
  8 black draconians
  2 war gargoyles
  3 spark wasps
  4 deep elf death magi
  Azrael (Snake:1)
  8 white draconians
  8 purple draconians
  2 blizzard demons
  3 eidola
  Snorg (Lair:4)
  3 ettins
  A merfolk javelineer (Shoals:4)
  3 crystal guardians
  5 fire dragons
  A deep elf high priest (Elf:3)
  3 merfolk impalers
  5 ice dragons
  13 jiangshi
  A spectral spriggan (Crypt:3)
  6 yaktaur captains
  15 vault guards
  2 rakshasas
  6 salamander tyrants
  7 great orbs of eyes
  A fenstrider witch zombie (Crypt:1)
  A quicksilver dragon skeleton (Crypt:1)
  3 spriggan air magi
  2 caustic shrike simulacra (IceCv)
  Erolcha (Orc:2)
  6 hydras
  6 ironbound frosthearts
  2 ogre magi
  11 centaur warriors
  3 merfolk avatars (Shoals:4)
  4 peacekeepers
  A hell beast (Depths:2)
  2 alligator snapping turtles (Shoals:2)
  19 dancing weapons
  3 death knights
  12 anacondas
  7 merfolk aquamancers
  2 two-headed ogres
  4 boulder beetles
  5 deep troll shamans
  7 deep troll earth magi
  A sphinx skeleton (Depths:2)
  4 satyrs
  A shock serpent (shapeshifter) (Depths:2)
  4 tengu warriors
  9 naga warriors
  An occultist (Depths:1)
  2 spriggan berserkers (Depths:4)
  5 naga sharpshooters
  7 vampire magi
  3 orc high priests
  4 hell knights (Depths:1)
  Nergalle (D:10)
  5 shock serpents
  10 deep elf knights
  6 sun demons
  2 titan skeletons (Depths:2)
  A soul eater (Crypt:2)
  17 skeletal warriors
  2 golden dragon zombies (Depths:2)
  10 salamander mystics
  4 skysharks
  7 flayed ghosts
  8 iron trolls
  An anaconda zombie (Crypt:1)
  A spark wasp zombie (Crypt:1)
  4 glowing orange brains
  8 sea snakes
  6 bog bodies
  7 naga ritualists
  2 shadow dragon zombies (Depths:2)
  11 mana vipers
  52 deep trolls
  A lindwurm (shapeshifter) (Depths:1)
  2 obsidian statues (IceCv)
  8 phantasmal warriors
  A lindwurm (Lair:5)
  A tengu zombie (Depths:2)
  Pikel (D:7)
  A golden dragon skeleton (Depths:2)
  5 thermic dynamos
  5 deep elf archers
  A large abomination (Crypt:3)
  A jorogumo zombie (Crypt:2)
  11 arcanists
  12 ironbound convokers
  12 harpies
  5 orc knights
  15 deep elf zephyrmancers
  6 shining eyes
  5 necromancers
  3 oklob plants (Lair:5)
  A stone giant zombie (Crypt:1)
  7 cyclopes
  50 ugly things
  22 deep elf pyromancers
  18 moths of wrath
  25 salamanders
  A wolf spider (D:15)
  9 orc sorcerers
  12 fauns
  9 manticores
  14 naga magi
  4 elephants (Lair:4)
  A meliai (shapeshifter) (D:14)
  A centaur zombie (Crypt:1)
  5 water nymphs
  4 eyes of devastation
  36 black mambas
  A rust devil (D:7)
  2 molten gargoyles (Lair:5)
  11 vault sentinels
  6 merfolk sirens
  3 guardian serpents
  A gargoyle (D:13)
  2 hellions (Zot:3)
  Maggie (D:8)
  13 cane toads
  An unseen horror (D:12)
  A purple draconian zombie (Crypt:2)
  19 yaktaurs
  A yellow draconian zombie (Crypt:1)
  3 rime drakes
  13 freezing wraiths
  A kobold demonologist (D:10)
  4 komodo dragons
  A tengu conjurer (Depths:1)
  A naga skeleton (Crypt:1)
  Psyche (D:9)
  A pale draconian skeleton (Crypt:2)
  A white draconian skeleton (Crypt:1)
  A hellwing (Zot:1)
  A harpy zombie (Crypt:3)
  3 golden dragon simulacra (IceCv)
  6 trolls
  A polar bear (Lair:3)
  4 wind drakes
  17 merfolk
  2 polar bears (shapeshifter)
  Grinder (D:4)
  3 hornets (Depths:3)
  3 glass eyes
  12 blink frogs
  10 dream sheep
  6 snapping turtles
  74 slime creatures
  2 shadows
  2 air elementals
  3 spriggans (Depths:3)
  13 water elementals
  2 vampires (Vaults:3)
  A spriggan (shapeshifter) (D:13)
  5 wyverns
  8 wraiths
  4 basilisks
  3 wargs
  29 yaks
  A steam dragon (Lair:3)
  A fire elemental (Elf:3)
  Grum (D:9)
  20 golden eyes
  A minotaur simulacrum (IceCv)
  A wind drake skeleton (Crypt:1)
  A harpy simulacrum (IceCv)
  42 nagas
  6 vampire mosquitoes (D:13)
  A jumping spider (shapeshifter) (Depths:2)
  2 hydra simulacra (IceCv)
  12 water moccasins
  An acid dragon (D:13)
  A merfolk skeleton (Crypt:1)
  2 ice beasts (D:6)
  12 hell hounds
  4 ettin simulacra
  17 orc warriors
  2 black bears
  33 laughing skulls
  8 ogres
  A sky beast (D:7)
  A lindwurm zombie (Crypt:1)
  4 boggarts (Vaults:1)
  A lemure (D:8)
  8 centaurs
  9 wolves
  2 phantoms (D:5)
  11 kobold brigands
  2 earth elementals (Elf:1)
  11 bullfrogs
  A gnoll sergeant (D:9)
  A small abomination (Crypt:3)
  2 scorpions (D:5)
  4 burial acolytes (Crypt:3)
  A wyvern skeleton (Crypt:2)
  9 wights
  13 killer bees
  A polar bear skeleton (Crypt:2)
  2 electric eels
  4 howler monkeys
  A bombardier beetle (D:4)
  4 lava snakes (Lair:5)
  4 hounds
  17 orc priests
  4 jellies
  A sleepcap (D:7)
  Ijyb (D:4)
  4 iguanas
  40 orc wizards
  3 hell rats (Lair:2)
  10 gnolls
  8 adders
  2 shadow imps (D:10)
  A jelly zombie (Crypt:1)
  A dart slug (D:4)
  79 orcs
  3 ball pythons
  2 bats
  11 endoplasms
  A giant cockroach (D:4)
  7 goblins
  6 hobgoblins
  3 jackals (D:3)
  3 quokkas
  4 frilled lizards
  33 kobolds
  7 kobold skeletons (D:10)
  6 kobold zombies (D:10)
  6 rats
  A tentacle (Shoals:4)
1879 creatures vanquished.

Vanquished Creatures (collateral kills)
  Frederick (Vaults:3)
  2 orbs of fire (Zot:5)
  An ancient lich (Zot:5)
  5 dread liches
  The ghost of Netemen the Gnoll Aeon, a master GnFi of Cheibriados (Zot:2)
  A Killer Klown (Zot:3)
  3 curse toes
  2 golden dragons
  Nikola (Depths:2)
  A profane servitor (Crypt:3)
  A lich (Crypt:3)
  4 tentacled monstrosities
  A deep elf blademaster (Elf:3)
  Zenata (Vaults:2)
  8 Orb Guardians (Zot:5)
  A quicksilver dragon (Zot:1)
  A sphinx (D:15)
  4 acid blobs
  An Executioner (D:15)
  7 death cobs
  2 protean progenitors (Zot:2)
  3 shadow dragons
  2 storm dragons
  3 rockslimes (Slime:5)
  A draconian monk (Zot:2)
  5 fire giants
  2 frost giants
  4 draconian scorchers
  A draconian shifter (Zot:2)
  2 deep elf sorcerers (Elf:3)
  5 vault wardens
  A deep elf elementalist (Elf:3)
  4 ghost moths
  A draconian knight (Zot:4)
  A juggernaut zombie (Depths:2)
  A balrug (Zot:1)
  An angel (D:15)
  A spriggan defender (Depths:1)
  A formless jellyfish (Slime:4)
  5 very ugly things
  4 draconian annihilators
  4 stone giants
  A juggernaut skeleton (Depths:2)
  3 ironbound thunderhulks
  3 deep elf death magi
  10 ironbound preservers
  6 black draconians
  4 deep elf demonologists (Elf:3)
  5 vampire knights
  3 yellow draconians
  6 green draconians
  5 white draconians
  4 dire elephants
  4 purple draconians
  An eidolon (Crypt:1)
  12 red draconians
  5 merfolk impalers
  A fire dragon (Lair:5)
  An entropy weaver (Vaults:4)
  3 yaktaur captains
  6 jiangshi
  2 quicksilver dragon zombies
  A crystal guardian (Vaults:1)
  2 deep elf high priests
  2 hydras (Lair:5)
  10 vault guards
  A catoblepas (D:15)
  4 rakshasas
  5 anacondas
  2 spriggan air magi
  3 great orbs of eyes
  2 merfolk aquamancers
  2 ice dragons
  2 death knights
  3 centaur warriors
  2 merfolk avatars
  2 ironbound frosthearts
  12 dancing weapons
  2 deep troll shamans
  A sphinx skeleton (Depths:2)
  A vampire mage (Depths:2)
  4 deep troll earth magi
  4 shock serpents
  3 satyrs
  7 naga sharpshooters
  2 titan zombies (Depths:2)
  2 sun demons (D:15)
  7 deep elf knights
  2 iron trolls
  2 hell knights (Depths:1)
  2 skeletal warriors (Crypt:3)
  A salamander mystic (Snake:4)
  2 shadow wraiths
  2 skysharks (Vaults:3)
  31 deep trolls
  3 naga ritualists
  2 sea snakes
  3 deep elf archers
  2 glowing orange brains
  A tengu zombie (Depths:2)
  A flayed ghost (Depths:4)
  A bog body (Shoals:4)
  11 ironbound convokers
  3 phantasmal warriors (Crypt:3)
  An arcanist (Vaults:2)
  8 deep elf zephyrmancers
  4 harpies
  A thermic dynamo (Elf:3)
  2 large abominations (Crypt:3)
  An orc knight (D:11)
  17 ugly things
  6 salamanders
  2 shining eyes
  6 deep elf pyromancers (Elf:2)
  A cyclops (D:11)
  2 orc sorcerers
  A manticore (Shoals:3)
  4 fauns
  6 merfolk sirens
  A centaur zombie (Crypt:1)
  An elephant (Lair:4)
  12 black mambas
  An eye of devastation (Slime:4)
  A water nymph (Shoals:1)
  3 moths of wrath
  4 naga magi
  2 cane toads
  3 vault sentinels
  A hellion (Zot:3)
  2 komodo dragons
  4 freezing wraiths
  A golden dragon simulacrum (IceCv)
  An ice devil (IceCv)
  13 yaktaurs
  A tengu conjurer (Depths:1)
  A harpy zombie (Crypt:1)
  A queen bee (shapeshifter) (D:14)
  3 wind drakes
  2 trolls
  8 merfolk
  An alligator simulacrum (IceCv)
  A hornet (Depths:2)
  2 blink frogs
  2 snapping turtles
  2 glass eyes
  3 dream sheep
  23 slime creatures
  3 water elementals
  An air elemental (Elf:1)
  A spriggan (Depths:2)
  3 shadows
  A wyvern (Lair:5)
  8 yaks
  2 vampires
  2 wraiths
  3 golden eyes
  3 basilisks
  2 fire elementals
  A vampire mosquito (D:13)
  A minotaur simulacrum (IceCv)
  13 nagas
  3 hell hounds (Snake:1)
  A water moccasin (Lair:3)
  3 orc warriors
  A glowing shapeshifter skeleton (Depths:2)
  5 laughing skulls
  2 ogres (Orc:1)
  A centaur (D:14)
  3 kobold brigands (D:10)
  A bullfrog (Lair:2)
  A spriggan skeleton (Crypt:2)
  A lava snake (Lair:5)
  Crazy Yiuf (D:3)
  3 orc priests
  A jelly (Lair:2)
  A black bear skeleton (Crypt:1)
  5 orc wizards (Orc:2)
  A hell rat (Lair:2)
  A swamp drake skeleton (Crypt:2)
  12 orcs
  6 endoplasms (Lair:2)
  5 kobolds (D:10)
  3 kobold skeletons (D:10)
  2 kobold zombies (D:10)
612 creatures vanquished.

Vanquished Creatures (others)
  2 electric golems (Zot:5)
  A deep elf master archer (Elf:3)
  2 draconian knights (Zot:2)
  An ironbound preserver (Vaults:1)
  A draconian scorcher (Zot:4)
  2 yaktaur captains
  2 centaur warriors
  A merfolk aquamancer (Shoals:4)
  A deep elf knight (Elf:3)
  A glowing orange brain (Slime:4)
  2 deep elf archers
  A deep elf pyromancer (Elf:3)
  A vault sentinel (Vaults:3)
  3 yaktaurs
  2 water elementals (Shoals:4)
  65 knights
  2 ancestors (D:9)
  5 tentacles (Shoals:4)
95 creatures vanquished.

Grand Total: 2586 creatures vanquished

Notes
Turn   | Place    | Note
-------+----------+-------------------------------------------
     0 | D:1      | Dreamthief the Mummy Hunter began the quest for the Orb.
     0 | D:1      | Reached XP level 1. HP: 16/16 MP: 1/1
   269 | D:1      | Reached skill level 1 in Stealth
   381 | D:1      | Reached XP level 2. HP: 22/22 MP: 2/2
   846 | D:2      | You fall into a shaft and drop 1 floor!
   931 | D:3      | Found a runed translucent door.
   931 | D:3      | Identified the +6 hammer of the Heavens {holy, rElec rN+}
   932 | D:3      | Noticed Crazy Yiuf
   959 | D:3      | Reached XP level 3. HP: 28/28 MP: 3/3
  1024 | D:3      | Learned a level 2 spell: Blink
  1348 | D:3      | Found Sufafunua's Distillery.
  1775 | D:2      | Found Jireinyss's Assorted Antiques.
  1791 | D:2      | Found a sparkling altar of Nemelex Xobeh.
  1793 | D:2      | Bought a scroll labelled TOARCH ZUEM for 24 gold pieces
  1826 | D:2      | Identified the +4 dagger "Lomaat" {venom, rF+ Str+3}
  1893 | D:2      | Reached XP level 4. HP: 34/34 MP: 4/4
  2326 | D:4      | Reached skill level 3 in Fighting
  2344 | D:4      | Reached XP level 5. HP: 22/41 MP: 5/5
  2456 | D:4      | Noticed Ijyb
  2467 | D:4      | Killed Ijyb
  2544 | D:4      | Noticed Grinder
  2557 | D:4      | Paralysed by Grinder for 2 turns
  2564 | D:4      | Paralysed by Grinder for 5 turns
  2573 | D:4      | Killed Grinder
  2574 | D:4      | Reached skill level 5 in Ranged Weapons
  2574 | D:4      | Reached XP level 6. HP: 29/48 MP: 6/6
  2701 | D:4      | Reached skill level 4 in Fighting
  2712 | D:4      | Reached XP level 7. HP: 38/54 MP: 7/7
  2969 | D:4      | Found a shimmering blue altar of Sif Muna.
  2976 | D:4      | Found a shimmering altar of Xom.
  3206 | D:4      | Identified the +6 short sword "Kaephak" {drain, *Noise
                  | +Blink rC- rCorr}
  3311 | D:5      | Entered Level 5 of the Dungeon
  3538 | D:5      | Found a shadowy altar of Dithmenos.
  4265 | D:5      | Reached skill level 5 in Fighting
  4265 | D:5      | Reached XP level 8. HP: 52/62 MP: 8/8
  5477 | D:6      | Found a hide-covered altar of Uskayaw.
  5555 | D:6      | Noticed a troll
  5575 | D:6      | HP: 2/62 [black bear (4)]
  5578 | D:6      | Reached skill level 5 in Stealth
  5581 | D:6      | Killed a troll
  5666 | D:6      | Found a radiant altar of Vehumet.
  5947 | D:6      | Reached skill level 1 in Evocations
  6224 | D:6      | Reached XP level 9. HP: 44/68 MP: 9/9
  6466 | D:6      | Identified a scroll of acquirement
  6466 | D:6      | Acquired a manual of Ranged Weapons
  6796 | D:7      | Found a staircase to the Ecumenical Temple.
  6812 | Temple   | Entered the Ecumenical Temple
  6827 | Temple   | Became a worshipper of Hepliaklqana the Forgotten
  7195 | D:7      | Found a snail-covered altar of Cheibriados.
  7201 | D:7      | Found a sparkling altar of Nemelex Xobeh.
  7375 | D:7      | Found an ancient bone altar of Kikubaaqudgha.
  7375 | D:7      | Found an ornate altar of the Wu Jian Council.
  7376 | D:7      | Found a basalt altar of Yredelemnul.
  7379 | D:7      | Found a broken altar of Ashenzari.
  7714 | D:8      | Reached skill level 10 in Ranged Weapons
  7853 | D:8      | Noticed Pikel
  7877 | D:7      | Killed Pikel
  8195 | D:8      | Noticed a centaur warrior
  8197 | D:8      | Noticed Maggie
  8655 | D:8      | Killed a centaur warrior
  8656 | D:8      | Reached XP level 10. HP: 28/74 MP: 10/10
  8862 | D:8      | Killed Maggie
  9111 | D:9      | Noticed a seven-headed hydra
  9121 | D:9      | Reached * piety under Hepliaklqana
  9212 | D:9      | Found a staircase to the Lair.
  9363 | D:9      | Found an iron altar of Okawaru.
  9539 | D:9      | Noticed Grum
  9547 | D:9      | Killed Grum
  9762 | D:9      | Reached ** piety under Hepliaklqana
  9872 | D:9      | Noticed Psyche
  9880 | D:9      | Killed Psyche
  9892 | D:9      | Remembered your ancestor Suts as a knight
  9904 | D:9      | Killed a seven-headed hydra
  9905 | D:9      | Reached skill level 15 in Ranged Weapons
  9914 | D:9      | Noticed a cyclops
  9918 | D:9      | Killed a cyclops
  9937 | D:10     | Entered Level 10 of the Dungeon
 10103 | D:10     | Noticed Nergalle
 10112 | D:10     | Reached XP level 11. HP: 17/71 MP: 11/11
 10123 | D:10     | HP: 3/71 [spectral orc knight/+0 halberd[Nergalle] (17)]
 10696 | D:10     | Identified the ring of Runainy {Fire Will+ Str+3 Dex+2}
 10705 | D:10     | Killed Nergalle
 11120 | D:10     | Found an ancient bone altar of Kikubaaqudgha.
 11474 | D:3      | Killed Crazy Yiuf
 11616 | Lair:1   | Entered Level 1 of the Lair of Beasts
 11823 | Lair:1   | Reached *** piety under Hepliaklqana
 12496 | Lair:2   | Found a staircase to the Snake Pit.
 12582 | Lair:2   | Noticed a skyshark
 12595 | Lair:2   | Killed a skyshark
 12731 | Lair:2   | Reached XP level 12. HP: 77/77 MP: 12/12
 13149 | Lair:2   | Noticed Gastronok
 13158 | Lair:2   | Killed Gastronok
 13159 | Lair:2   | Reached skill level 1 in Spellcasting
 13161 | Lair:2   | Reached skill level 1 in Translocations
 13215 | Lair:2   | Reached **** piety under Hepliaklqana
 13892 | Lair:3   | Reached skill level 5 in Spellcasting
 13999 | Lair:3   | Noticed a seven-headed hydra
 14002 | Lair:3   | Killed a seven-headed hydra
 14017 | Lair:3   | Reached ***** piety under Hepliaklqana
 14031 | Lair:3   | Reached skill level 5 in Translocations
 14274 | Lair:3   | Reached skill level 1 in Invocations
 14417 | Lair:4   | Gained mutation: You are strongly in touch with the powers
                  | of death. [Mummy growth]
 14417 | Lair:4   | Reached XP level 13. HP: 47/83 MP: 13/20
 14419 | Lair:4   | Reached skill level 6 in Fighting
 15003 | Lair:4   | Found a runed translucent door.
 15031 | Lair:4   | Found a staircase to the Slime Pits.
 15031 | Lair:4   | Noticed an acid blob
 15031 | Lair:4   | Noticed an acid blob
 15091 | Lair:4   | Noticed Snorg
 15102 | Lair:4   | Killed Snorg
 15423 | Lair:5   | Entered Level 5 of the Lair of Beasts
 15503 | Lair:4   | Reached skill level 7 in Fighting
 15659 | Lair:4   | Reached skill level 5 in Invocations
 15782 | Lair:5   | Reached skill level 8 in Fighting
 16226 | Lair:5   | Reached skill level 9 in Fighting
 16404 | Lair:5   | Noticed a fire dragon
 16516 | Lair:5   | Found a large runed translucent door.
 16517 | Lair:5   | Found a large runed translucent door.
 17240 | Lair:5   | Killed a fire dragon
 17736 | D:11     | Reached XP level 14. HP: 98/98 MP: 21/21
 17772 | D:11     | Reached skill level 10 in Fighting
 17890 | D:11     | Found a staircase to the Orcish Mines.
 18412 | D:11     | Found Xuugid Ihen's Magic Scroll Emporium.
 18413 | D:11     | Found Irucyd's Assorted Antiques.
 18414 | D:11     | Found Zonekuet's Magic Scroll Emporium.
 18420 | D:11     | Bought a scroll of teleportation for 51 gold pieces
 19489 | Orc:1    | Entered Level 1 of the Orcish Mines
 19640 | Orc:2    | Entered Level 2 of the Orcish Mines
 19645 | Orc:2    | Reached skill level 10 in Invocations
 19808 | Orc:2    | Reached ****** piety under Hepliaklqana
 20397 | Orc:2    | Found a staircase to the Elven Halls.
 21520 | Orc:2    | Noticed Erolcha
 21524 | Orc:2    | Found a radiant altar of Vehumet.
 21528 | Orc:2    | Killed Erolcha
 21540 | Orc:2    | Found a roughly hewn altar of Beogh.
 21540 | Orc:2    | Found Saivvun's Jewellery Boutique.
 21542 | Orc:2    | Found Vuedish's Magic Scroll Shop.
 21681 | Orc:2    | Found an ancient bone altar of Kikubaaqudgha.
 21696 | Orc:2    | Found Zynin's Antique Armour Shop.
 21825 | Orc:2    | Found Decwo's Book Boutique.
 21827 | Orc:2    | Bought a scroll of blinking for 75 gold pieces
 21827 | Orc:2    | Bought a scroll of blinking for 75 gold pieces
 21827 | Orc:2    | Bought a scroll of fear for 40 gold pieces
 21905 | Orc:2    | Bought a pair of ancient boots for 266 gold pieces
 21905 | Orc:2    | Identified the +2 pair of boots "Liudd" {Will+} (You bought
                  | it in a shop on level 2 of the Orcish Mines)
 21932 | Orc:2    | Bought the ring of Hospitality {rF+ EV+5 Int-2 Dex+4} for
                  | 758 gold pieces
 22177 | D:13     | Reached skill level 1 in Armour
 23249 | D:14     | Noticed Frances
 23728 | D:14     | Reached XP level 15. HP: 101/103 MP: 22/24
 23848 | D:14     | Killed Frances
 23978 | D:14     | Found a gate to the Vaults.
 24023 | D:14     | Found an ancient bone altar of Kikubaaqudgha.
 24275 | D:15     | Entered Level 15 of the Dungeon
 24658 | D:15     | Reached skill level 5 in Dodging
 24735 | D:15     | Noticed Rupert
 24748 | D:15     | Killed Rupert
 24749 | D:15     | Reached skill level 5 in Armour
 25237 | D:15     | Noticed Agnes
 25271 | D:15     | Killed Agnes
 25435 | D:15     | Found a staircase to the Depths.
 25660 | Snake:1  | Entered Level 1 of the Snake Pit
 25688 | Snake:1  | Identified the serpent talisman of Immorality {rElec Str+2
                  | Dex+3}
 25688 | Snake:1  | Noticed Aizul
 25720 | Snake:1  | Killed Aizul
 25936 | Snake:1  | Identified the +5 flail "Dateqia" {speed, rF- Dex+8}
 26068 | Snake:1  | Found Hyiweel's General Store.
 26338 | Snake:1  | Noticed Azrael
 26711 | Snake:1  | Killed Azrael
 26865 | Snake:1  | Reached XP level 16. HP: 109/109 MP: 25/25
 26901 | Snake:1  | Reached skill level 10 in Dodging
 26918 | Snake:1  | Noticed Roxanne
 26933 | Snake:1  | Killed Roxanne
 28207 | Snake:2  | Found Eggouw's Magic Scroll Shop.
 28212 | Snake:2  | Found Duugicaa's Book Boutique.
 28214 | Snake:2  | Bought a scroll of enchant armour for 120 gold pieces
 28214 | Snake:2  | Bought a scroll of fear for 64 gold pieces
 28214 | Snake:2  | Bought a scroll of summoning for 152 gold pieces
 28214 | Snake:2  | Bought a scroll of teleportation for 48 gold pieces
 28248 | Snake:2  | Reached skill level 11 in Fighting
 29375 | Snake:3  | Found a glacial archway.
 29386 | IceCv    | Entered an ice cave
 29552 | IceCv    | Reached skill level 12 in Fighting
 29854 | IceCv    | Reached XP level 17. HP: 77/119 MP: 13/26
 30268 | IceCv    | Acquired 642 gold pieces
 31321 | Snake:4  | Entered Level 4 of the Snake Pit
 32272 | Snake:4  | Reached skill level 13 in Fighting
 33580 | Snake:4  | Got a serpentine rune of Zot
 33952 | Shoals:1 | Entered Level 1 of the Shoals
 34490 | Shoals:2 | Learned a level 4 spell: Dimensional Bullseye
 34589 | Shoals:2 | Reached XP level 18. HP: 130/130 MP: 27/27
 34687 | Shoals:2 | Reached skill level 14 in Fighting
 34862 | Shoals:2 | Reached skill level 10 in Armour
 34886 | Shoals:2 | Found Rawos's Antique Armour Shop.
 34921 | Shoals:2 | Found Nayshroij's Distillery.
 36140 | Shoals:4 | Entered Level 4 of the Shoals
 36504 | Shoals:4 | Reached skill level 15 in Fighting
 36834 | Shoals:4 | Got a barnacled rune of Zot
 38334 | Elf:1    | Entered Level 1 of the Elven Halls
 38602 | Elf:1    | Paralysed by an air elemental for 1 turns
 38649 | Elf:1    | Identified the staff of Paper {rPois rF+ Str+3 Fire}
 38666 | Elf:1    | Found Xupoenn's Book Shop.
 39113 | Elf:1    | Identified the +2 leather armour of Lysaed {Int+2}
 39131 | Elf:1    | Reached skill level 16 in Fighting
 39584 | Elf:2    | Reached XP level 19. HP: 141/141 MP: 28/28
 39700 | Elf:2    | Found Atilent's Book Emporium.
 40087 | Elf:2    | Found a runed translucent gate.
 40087 | Elf:2    | Found a runed translucent gate.
 40087 | Elf:2    | Found a runed translucent gate.
 40155 | Elf:2    | Found Ulaac's Weapon Shop.
 40160 | Elf:2    | Found Qobodau's Armour Shop.
 41413 | Elf:2    | Noticed Louise
 41432 | Elf:2    | Killed Louise
 41571 | Elf:2    | Reached skill level 15 in Dodging
 41819 | Elf:3    | Entered Level 3 of the Elven Halls
 41993 | Elf:3    | Paralysed by an air elemental for 1 turns
 43683 | Elf:3    | Identified the +4 spear "Ocwach" {venom, rElec rC- Str-2
                  | Int+7}
 43883 | Elf:3    | Identified the +9 quarterstaff "Noqof" {protect, rF+
                  | Stlth+}
 43891 | Elf:3    | Reached skill level 17 in Fighting
 44610 | Elf:3    | Identified the amulet "Ylliaf" {Regen+ Dex+3}
 45397 | Elf:3    | Got Otoluh's Secrets of the Discharge and the Oath
 45399 | Elf:3    | Got the Folio of Enchantment and the Squall
 45463 | Elf:3    | Got the Dissertation on Xanthosis and the Pyre
 45476 | Elf:3    | Identified the +1 ring mail of the Thinker {+Blink rElec
                  | Will++ Str-4}
 45807 | Vaults:1 | Entered Level 1 of the Vaults
 45855 | Vaults:1 | Reached XP level 20. HP: 151/151 MP: 30/30
 47370 | Vaults:1 | Got the Thoughts on Attendants
 47991 | Vaults:2 | Found a crumbling gateway.
 48369 | Vaults:2 | Noticed Zenata
 48374 | Vaults:2 | Killed Zenata
 48398 | Vaults:2 | Reached skill level 18 in Fighting
 48398 | Vaults:2 | Reached XP level 21. HP: 106/159 MP: 31/31
 48602 | Vaults:2 | Found Igekouqi's Weapon Shoppe.
 49042 | Vaults:3 | Found a runed translucent gate.
 49042 | Vaults:3 | Found a runed translucent gate.
 49042 | Vaults:3 | Found a runed translucent gate.
 49072 | Vaults:3 | Noticed Mara
 49438 | Vaults:3 | Found Cauroemi's Armour Boutique.
 49636 | Vaults:3 | Noticed Norris
 49644 | Vaults:3 | Identified the orb of Tartarus {light, *Slow Dex+2 Tloc}
 49644 | Vaults:3 | Noticed Frederick
 49646 | Vaults:3 | Killed Norris
 49656 | Vaults:3 | Killed Frederick
 49990 | Vaults:3 | Reached skill level 15 in Invocations
 50089 | Vaults:3 | Found a staircase to the Crypt.
 50278 | Vaults:3 | Reached skill level 1 in Hexes
 50686 | Vaults:3 | Noticed Dreamthief's illusion
 50697 | Vaults:3 | Noticed Dreamthief's illusion
 50710 | Vaults:2 | Killed Mara
 52227 | Vaults:4 | Reached XP level 22. HP: 167/167 MP: 33/33
 52662 | Vaults:4 | Reached skill level 5 in Hexes
 52999 | Depths:1 | Entered Level 1 of the Depths
 53321 | Depths:1 | Noticed Saint Roka
 53864 | Depths:1 | Found a gateway to Hell.
 53895 | Depths:1 | Found a runed translucent door.
 53955 | Depths:1 | You fall into a shaft and drop 1 floor!
 53963 | Depths:2 | Reached skill level 19 in Fighting
 54132 | Depths:1 | Noticed Bai Suzhen
 54140 | Depths:1 | Killed Bai Suzhen
 54179 | Depths:1 | Found Wabefahe's Antique Weapon Shoppe.
 54425 | Depths:1 | Killed Saint Roka
 54537 | Depths:1 | Found a one-way gateway to a ziggurat.
 55104 | Depths:1 | Identified the staff of Okawaru, Flying {rElec Will+ Conj
                  | Air}
 55146 | Depths:1 | Acquired 714 gold pieces
 55348 | Depths:2 | Found a one-way gate leading to the halls of Pandemonium.
 55406 | Depths:2 | Found a blossoming altar of Fedhas.
 55431 | Depths:2 | Noticed Nikola
 55881 | Depths:2 | Killed Nikola
 56344 | Depths:2 | Noticed a golden dragon
 56346 | Depths:2 | Noticed a golden dragon
 56742 | Depths:2 | Reached XP level 23. HP: 176/176 MP: 35/35
 57140 | Depths:2 | Identified the +4 spear of Sucwism {flame, *Corrode Will+
                  | Int+6}
 57353 | Depths:2 | Reached skill level 20 in Fighting
 57415 | Depths:2 | Found the +9 sword of Zonguldrok {reap}
 58026 | Snake:2  | Bought a manual of Shields for 1040 gold pieces
 58424 | Crypt:1  | Entered Level 1 of the Crypt
 58489 | Crypt:1  | Reached skill level 1 in Shields
 58941 | Crypt:1  | Reached skill level 5 in Shields
 59031 | Crypt:1  | Found an ancient bone altar of Kikubaaqudgha.
 59279 | Crypt:2  | Identified the ring of Rabbadip {rF+ rN+ Will+ Slay-5}
 59948 | Crypt:3  | Entered Level 3 of the Crypt
 60158 | Crypt:3  | Found a basalt altar of Yredelemnul.
 60366 | Crypt:3  | Identified the +0 plate armour of Quantum Leap {Rampage Fly
                  | Will- rCorr}
 60822 | Crypt:3  | Got the Parchment of Blasphemous Arts and Creation
 61069 | Crypt:3  | Found a staircase to the Tomb.
 61069 | Crypt:3  | Noticed a dread lich
 61079 | Crypt:3  | Paralysed by a dread lich for 5 turns
 61079 | Crypt:3  | Killed a dread lich
 61122 | Crypt:3  | Found the +13 scythe of Curses {drain, curses, ^Drain}
 61210 | Crypt:3  | Reached skill level 10 in Shields
 61461 | Vaults:3 | Bought a +2 cloak of willpower for 236 gold pieces
 61948 | Depths:3 | Noticed a juggernaut
 61949 | Depths:3 | Noticed a dread lich
 61960 | Depths:3 | Noticed an ancient lich
 61962 | Depths:3 | Noticed a caustic shrike
 62321 | Depths:3 | Reached XP level 24. HP: 124/185 MP: 29/35
 62327 | Depths:3 | Reached skill level 21 in Fighting
 62426 | Depths:3 | Noticed a juggernaut
 62441 | Depths:3 | Killed a juggernaut
 62466 | Depths:3 | Killed a juggernaut
 62556 | Depths:3 | Killed a dread lich
 62692 | Depths:3 | Found a runed translucent door.
 62692 | Depths:3 | Noticed a dread lich
 62704 | Depths:3 | Killed a dread lich
 62863 | Depths:3 | Found a one-way gate to the infinite horrors of the Abyss.
 62972 | Depths:4 | Entered Level 4 of the Depths
 63047 | Depths:4 | Identified the +1 chain mail "Fidott" {Int+3}
 63135 | Depths:4 | Found a gate to the Realm of Zot.
 63707 | Depths:4 | Found an opulent altar of Gozag.
 63707 | Depths:4 | Found Gozag's Platinum Reserve.
 63761 | Depths:4 | Found Zethruigi's Jewellery Shoppe.
 64030 | Depths:4 | Found a portal to a secret trove of treasure.
 64415 | Slime:1  | Entered Level 1 of the Pits of Slime
 65990 | Slime:2  | Learned a level 3 spell: Swiftness
 66583 | Slime:4  | Reached skill level 1 in Air Magic
 67050 | Slime:5  | Entered Level 5 of the Pits of Slime
 67864 | Slime:5  | Noticed the Royal Jelly
 68759 | Slime:5  | Found a viscous altar of Jiyva.
 68900 | Slime:5  | Found the amulet of the Four Winds {rN+ Will+++ Clar}
 68928 | Slime:5  | Killed the Royal Jelly
 69133 | Slime:5  | Reached XP level 25. HP: 186/194 MP: 35/35
 69211 | Slime:5  | Identified the +5 ring mail of Dickuf {rC+ Str-2 Int+4}
 69217 | Slime:5  | Identified the ring of Bynoeng {^Drain rElec rPois rF+
                  | Stlth+}
 69229 | Slime:5  | Identified the +7 triple sword of Tuitt {flame, Dex+3}
 69295 | Slime:5  | Identified the ring "Nuonil" {rElec rC++ Will+ Int-3
                  | Slay+2}
 69299 | Slime:5  | Identified the amulet "Ullacoj" {Spirit Harm MP+9}
 69302 | Slime:5  | Got a slimy rune of Zot
 69309 | Slime:5  | Identified the +6 plate armour of Nienoj {Dex+4 SInv}
 69316 | Slime:5  | Identified the +0 plate armour of a Labyrinth {-Cast rElec
                  | rF+ Stlth+}
 69321 | Slime:5  | Identified the +4 lajatang of the Many Geomancers {venom,
                  | +Blink Fly Int-3 Dex+5}
 69469 | Slime:5  | Got Rinif's Grimoire of Transposed Nightshade
 69491 | Slime:5  | Identified the +4 sling of Xubbu {flame, Str+4}
 70027 | Orc:2    | Bought the +5 Storm Queen's Shield {shock, Fly rElec} for
                  | 1276 gold pieces
 70027 | Orc:2    | Found the +5 Storm Queen's Shield {shock, Fly rElec}
 70326 | Zot:1    | Entered Level 1 of the Realm of Zot
 70525 | Zot:1    | Reached skill level 5 in Air Magic
 71071 | Zot:1    | Reached skill level 15 in Shields
 71273 | Depths:4 | Bought the +2 helmet of Hedging {Dex+4} for 2990 gold
                  | pieces
 71387 | Zot:2    | Noticed an orb of fire
 71987 | Zot:2    | Found a runed translucent gate.
 71987 | Zot:2    | Found a runed translucent gate.
 71987 | Zot:2    | Found a runed translucent gate.
 71987 | Zot:2    | Noticed Netemen's ghost (master GnFi)
 72152 | Zot:1    | Killed an orb of fire
 72153 | Zot:1    | Reached skill level 22 in Fighting
 72668 | Zot:2    | Identified the +2 cloak of the Dwarven Hall {Harm *Slow
                  | rC+}
 73154 | Zot:2    | Paralysed by a Zot trap for 4 turns
 74137 | Zot:3    | Noticed a Killer Klown
 74151 | Zot:2    | Reached XP level 26. HP: 125/203 MP: 34/35
 74274 | Zot:2    | Noticed an orb of fire
 74285 | Zot:2    | Killed Netemen's ghost
 76214 | Zot:4    | Found the +4 dragonskin cloak
 76214 | Zot:4    | Noticed Tiamat
 76646 | Zot:4    | Reached skill level 23 in Fighting
 77319 | Zot:4    | Killed Tiamat
 77642 | Zot:5    | Entered Level 5 of the Realm of Zot
 79522 | Zot:5    | Noticed a dread lich
 79558 | Zot:4    | Killed a dread lich
 79914 | Zot:5    | Noticed a dread lich
 79932 | Zot:5    | Killed a dread lich
 80030 | Zot:5    | Noticed an orb of fire
 80040 | Zot:5    | Killed an orb of fire
 80474 | Zot:5    | Noticed an orb of fire
 81370 | Zot:5    | Noticed an ancient lich
 81396 | Zot:5    | Killed an ancient lich
 81857 | Zot:5    | Identified the +4 great sword of the Lamprey {venom, Int+4}
 81863 | Zot:5    | Noticed an orb of fire
 81883 | Zot:5    | Killed an orb of fire
 81884 | Zot:5    | Reached XP level 27. HP: 161/212 MP: 35/35
 82014 | Zot:5    | Noticed an orb of fire
 82033 | Zot:5    | Killed an orb of fire
 82106 | Zot:5    | Noticed an ancient lich
 82167 | Zot:5    | Noticed an ancient lich
 82174 | Zot:5    | Killed an ancient lich
 82295 | Zot:5    | Killed an ancient lich
 83042 | Zot:5    | Noticed a dread lich
 83048 | Zot:5    | Killed a dread lich
 83638 | Zot:5    | Killed an orb of fire
 83735 | Zot:5    | Noticed an orb of fire
 83743 | Zot:5    | Killed an orb of fire
 83856 | Zot:5    | Got the Orb of Zot
 84376 | D:7      | Noticed Baopi the pandemonium lord
 84401 | D:6      | Killed Baopi the pandemonium lord
 84529 | D:4      | Fell from the grace of Hepliaklqana
 84529 | D:4      | Became a worshipper of Xom of Chaos
 84552 | D:3      | XOM: silly message
 84554 | D:3      | Noticed Cicaus the pandemonium lord
 84554 | D:3      | XOM: potion effect (invisibility)
 84567 | D:1      | XOM: silly message
 84574 | D:$      | Escaped with the Orb!

Illustrated notes

Levels and vault maps discovered:
D:1:      saegor_arrival_miasma, layout_loops_ring, hangedman_decor_push,
          hangedman_abyss_or_decor_stabs
D:2:      layout_loops_cross, basic_altar, serial_shops, shop_statue
D:3:      layout_basic, serial_shops, nicolae_shop_industrial_runoff,
          serial_bayou_pond_d, uniq_crazy_yiuf_cottage
D:4:      layout_basic, amethyst_overflow_temple_binary,
          dreamdust_princess_bridge, nrook_mini_backslash, uniq_grinder,
          uniq_ijyb
D:5:      minmay_angry_zag, layout_layer_cave, nicolae_dithmenos_shadow_blocks,
          serial_bayou_lagoon_b
D:6:      layout_loops_cross, nicolae_uskayaw_dance_studio,
          nicolae_vehumet_altar_sigil
D:7:      layout_basic, minitemple, general_overflow_altar,
          minmay_temple_entry_arrows, serial_rivers,
          chequers_serial_rivers_large_a, chequers_serial_rivers_micro_c,
          chequers_serial_rivers_micro_e, chequers_serial_rivers_large_b,
          chequers_serial_rivers_small_a, chequers_serial_rivers_small_b
D:8:      layout_rooms, minmay_starry_boxes, uniq_maggie, uniq_pikel
D:9:      layout_small_grid, okawaru_ov_weapons_minmay,
          erik_lair_orcish_takeover, uniq_psyche, uniq_grum
D:10:     wander_kiku_kobolds, layout_loops_ring, corexii_leaking_fountain,
          grunt_ministairs_6, grunt_decor_one_mirror, uniq_nergalle
D:11:     layout_basic, david_orc_4, nicolae_shop_distant_corner_stores,
          serial_bayou_pond_c, minmay_shattered_shrine
D:12:     layout_loops_ring, nicolae_zig_zag_zippers
D:13:     layout_cave_pods
D:14:     layout_gridville, david_vaults_4, kiku_gazebo_garden_becter,
          minmay_misc_feat_square, uniq_frances
D:15:     hangedman_depths_entry_try_elsewhere_first, layout_basic,
          serial_park_square3 [serial_park_minivault_5x5_6], hex_tiny,
          uniq_agnes, uniq_rupert
Temple:   hellmonk_temple_forest_ring
Lair:1:   layout_misc_corridors, minmay_holes, serial_bayou_shore_a,
          lemuel_fruit_tree
Lair:2:   lemuel_slime, layout_concentric_octagons,
          nicolae_shoals_entry_flooding, minmay_snake_entry_guardpost_small,
          uniq_gastronok
Lair:3:   layout_regular_city
Lair:4:   layout_roguey, slime_entry_2, uniq_snorg
Lair:5:   cheibrodos_lair_end_hotspot, layout_loops_ring, minivault_24,
          st_stairs_10, disabler_island
Shoals:1: layout_shoals
Shoals:2: layout_shoals, serial_shops, shop, shop, shop_statue
Shoals:3: layout_shoals, nicolae_shoals_aquamancer_cove
Shoals:4: shoals_end_grunt_ice, layout_shoals, nicolae_shoals_secluded_bog
Snake:1:  layout_grid_maze, serial_shops, nicolae_shop_statue_plus, uniq_aizul,
          uniq_azrael, uniq_roxanne
Snake:2:  nicolae_snake_nest, layout_grid_maze, minmay_shoptagon,
          grunt_megastairs_2
Snake:3:  layout_rooms, portal_ice_cave_entry_ugly_swarm
Snake:4:  snake_pit, layout_cave_town, nicolae_snake_slithery_corners,
          eino_curves_04
Slime:1:  layout_caves, nicolae_slime_barrier
Slime:2:  layout_caves, nicolae_slime_phagocytosis
Slime:3:  layout_caves
Slime:4:  layout_caves
Slime:5:  slime_pit_nicolae_trefoil
Orc:1:    layout_caves, minmay_orc_barracks
Orc:2:    kennysheep_orc_mage_school, layout_caves, lightli_orcish_oven,
          uniq_erolcha
Elf:1:    elf_arrival_001, layout_gridlike, serial_shops,
          nicolae_shop_tiny_waterfront, hangedman_corner_corridor
Elf:2:    nicolae_elf_blades_splatter_lattice
          [nicolae_blade_entry_hurt_lockers], layout_gridlike, serial_shops,
          nicolae_shop_rolling_square, minmay_shop_star, uniq_louise
Elf:3:    elf_hall_gauntlet_wide, layout_gridlike
Vaults:1: nicolae_vaults_shelves_hall, nicolae_vaults_library_corner,
          nicolae_vaults_heist, hangedman_vaults_stagger, vaults_dpeg_spiral,
          grunt_vaults_twisty, vaults_room_boxed, v_misc_18, grunt_vaults_swirl,
          nicolae_vaults_little_squares_2, nicolae_vaults_little_ls,
          layout_vaults_maze
Vaults:2: portal_desolation_entry_garden, v_misc_8,
          nicolae_vaults_taking_the_gang_shopping, vaults_room_stairs_pillars,
          vaults_dpeg_hooks, v_misc_12, vaults_dpeg_ring,
          nicolae_vaults_house_2, layout_vaults_quadrants, uniq_zenata
Vaults:3: nicolae_vaults_network_square, minmay_crypt_entry_vampire_xt,
          vaults_standard_mumra_enter_the_diamond, v_pattern_3,
          nicolae_vaults_house_3, hangedman_vaults_nails,
          hangedman_vaults_stitches, wander_protected_by_tso,
          vaults_standard_mumra_lines, ontoclasm_vaults_pinch,
          ontoclasm_vaults_gateway, vaults_room_pools,
          nicolae_vaults_trapezoid_lopsided_3, layout_vaults_ring, serial_shops,
          nicolae_shop_rolling_square, uniq_norris, uniq_frederick, uniq_mara
Vaults:4: ontoclasm_vaults_chip, nicolae_vaults_angled_halls,
          nicolae_vaults_theta, hangedman_vaults_river_flow,
          nicolae_vaults_angled_halls, nicolae_vaults_turnstiles,
          nicolae_vaults_little_squares_2, nicolae_vaults_hexular_roomagon,
          v_misc_10, nicolae_vaults_closet_pinwheel_4, vaults_room_corners,
          nicolae_vaults_tetromino_L_1, nicolae_vaults_circle_grid_b,
          layout_vaults_omnicross
Crypt:1:  layout_misc_corridors, basic_altar, nicolae_crypts_crumbling_nooks,
          grunt_crypt_arrival_split
Crypt:2:  layout_chaotic_city
Crypt:3:  grunt_crypt_end_deaths_head
Depths:1: layout_gridlike, enter_ziggurat_a, pf_hell_entry_great_geh,
          serial_shops, kennysheep_little_box, kennysheep_small_spiral,
          chequers_serial_rivers_micro_e, lightli_giant_bouncers,
          uniq_bai_suzhen, uniq_saint_roka
Depths:2: minmay_shrinking_squares, layout_cave_pools, serial_rivers,
          chequers_serial_rivers_micro_c, chequers_serial_rivers_small_a,
          chequers_serial_rivers_micro_e, chequers_serial_rivers_small_b,
          chequers_serial_rivers_micro_c, grunt_mini_vestibule, fedhas_altar_1,
          pan_entry, minmay_guarded_unrand_zonguldrok, uniq_nikola
Depths:3: minmay_strange_plus, layout_cave_pools, abyss_entry_small_statue_room,
          hell_entry, minmay_st_funbox, minmay_staircase_statues
Depths:4: grunt_zot_entry_funnels, layout_cave_pools, abyss_entry,
          nicolae_gozag_zags_fifth_avenue, pan_entry, enter_trove_3,
          serial_shops, shop, pf_hell_entry_tar_spiral
Zot:1:    layout_cellular_growth, skrybe_zot_glass_3
Zot:2:    layout_basic, gammafunk_ghost_tricky_traps
Zot:3:    layout_gridville, regret_index_zot_stipple_split,
          hangedman_hellfire_club, grunt_megastairs_4
Zot:4:    bobbens_index_wilting_gardens, layout_cellular_growth,
          regret_index_zotdec_dark_gr, uniq_tiamat
Zot:5:    layout_gridlike

Skill      XL: |  1  2  3  4  5  6  7  8  9 10 11 12 13 14 15 16 17 18 19 20 21 22 23 24 25 26 27 |
---------------+----------------------------------------------------------------------------------+-----
Stealth        | 1 2 3 4 5 |  5.0
Ranged Weapons | 4 5 6 8 13 15 17 18 19 20 | 20.0
Fighting       | 3 4 5 9 10 12 13 16 17 18 19 20 21 22 23 | 23.9
Evocations     | 2 |  2.0
Spellcasting   | 5 6 8 |  8.0
Translocations | 5 6 8 |  8.0
Invocations    | 2 7 12 13 14 15 | 15.0
Dodging        | 3 9 11 12 14 15 16 17 18 19 20 21 | 21.0
Armour         | 3 5 7 9 10 11 12 13 | 13.5
Hexes          | 4 8 |  8.0
Shields        | 10 13 15 16 17 | 17.4
Air Magic      | 4 6 |  6.0

Action                     |  1- 3 |  4- 6 |  7- 9 | 10-12 | 13-15 | 16-18 | 19-21 | 22-24 | 25-27 || total
---------------------------+-------+-------+-------+-------+-------+-------+-------+-------+-------++-------
   Fire: Shortbow          |   131 |   109 |   206 |       |       |       |       |       |       ||   446
         Arbalest          |       |       |   158 |   598 |  1304 |  1677 |  1580 |  1388 |       ||  6705
         Longbow           |       |       |       |       |       |       |       |   689 |    41 ||   730
         Hand cannon       |       |       |       |       |       |       |       |       |  1182 ||  1182
   Cast: Blink             |       |       |       |       |       |     5 |     2 |     7 |     3 ||    17
         Dimensional Bulls |       |       |       |       |       |       |       |     2 |       ||     2
         Swiftness         |       |       |       |       |       |       |       |       |     1 ||     1
 Invoke: Ancestor Life: Kn |       |       |       |     1 |       |       |       |       |       ||     1
         Recall Ancestor   |       |       |       |     1 |     5 |     1 |     3 |     7 |     6 ||    23
         Idealise          |       |       |       |       |     9 |     7 |    11 |     9 |    10 ||    46
  Evoke: Wand              |       |     2 |     7 |     2 |     2 |     1 |       |     1 |     6 ||    21
         Box of beasts     |       |       |       |     1 |     2 |     3 |     1 |       |       ||     7
         Phantom mirror    |       |       |       |       |       |     1 |     3 |       |     1 ||     5
         Phial of floods   |       |       |       |       |       |       |     1 |       |       ||     1
    Use: Scroll            |       |       |    16 |     2 |    14 |     9 |     3 |    11 |    21 ||    76
 Armour: Leather armour    |    25 |    22 |   157 |     1 |       |    17 |    65 |   308 |    19 ||   614
         Acid dragon scale |       |       |       |   106 |    11 |       |       |    40 |     7 ||   164
         Troll leather arm |       |       |       |       |   320 |   298 |   148 |    14 |       ||   780
         Fire dragon scale |       |       |       |       |       |       |       |       |   321 ||   321
  Dodge: Dodged            |    42 |    53 |   255 |   141 |   487 |   912 |   689 |  1258 |   698 ||  4535
  Block: Kite shield       |       |       |       |       |       |       |       |       |   586 ||   586

Table legend: (Time is in decaauts)
 A = Elapsed time spent in this place.
 B = Non-inter-level travel time spent in this place.
 C = Inter-level travel time spent in this place.
 D = Time resting spent in this place.
 E = Time spent auto-exploring this place.
 F = Levels seen in this place.
 G = Mean time per level.
                   A        B        C        D        E       F      G
               +--------+--------+--------+--------+--------+-----+--------+
         Total |  85596 |  76794 |   8802 |  27639 |  35125 |  56 | 1528.5 |
       Dungeon |  19502 |  16263 |   3239 |   3179 |  10401 |  15 | 1300.1 |
        Temple |     25 |      1 |     24 |      0 |      0 |   1 |   25.0 |
          Lair |   6770 |   5677 |   1093 |    973 |   3671 |   5 | 1354.0 |
        Shoals |   4201 |   4012 |    189 |    628 |   2444 |   4 | 1050.2 |
     Snake Pit |   7514 |   7022 |    492 |   3075 |   2660 |   4 | 1878.5 |
    Slime Pits |   5226 |   4871 |    355 |   2098 |   2249 |   5 | 1045.2 |
  Orcish Mines |   2784 |   2390 |    394 |   1075 |    904 |   2 | 1392.0 |
   Elven Halls |   7298 |   7016 |    282 |   3485 |   2613 |   3 | 2432.7 |
        Vaults |   7399 |   6699 |    700 |   1765 |   3237 |   4 | 1849.8 |
         Crypt |   2986 |   2744 |    242 |    409 |   1588 |   3 |  995.3 |
        Depths |   6969 |   6389 |    580 |   2557 |   2287 |   4 | 1742.2 |
           Zot |  13941 |  12736 |   1205 |   7946 |   2836 |   5 | 2788.2 |
      Ice Cave |    975 |    975 |      0 |    447 |    234 |   1 |  975.0 |
               +--------+--------+--------+--------+--------+-----+--------+

Top non-repeatable levels by time:
   Zot:5: 6116 daAuts
   Elf:3: 3716 daAuts
   Zot:4: 2960 daAuts
Vaults:3: 2578 daAuts
 Slime:5: 2525 daAuts
 Snake:4: 2510 daAuts
Depths:1: 2507 daAuts
   Elf:2: 2275 daAuts
   Orc:2: 2212 daAuts
Depths:2: 2180 daAuts
     D:5: 2060 daAuts
Vaults:1: 2027 daAuts
    D:15: 1931 daAuts
 Snake:2: 1883 daAuts
     D:7: 1862 daAuts
